 Dungeon Crawl Stone Soup version 0.28.0 (webtiles) character file.

Game seed: 2171781015117450170

4644 oldriver the Fighter (level 10, 0/71 HPs)
             Began as a Gargoyle Earth Elementalist on Feb 8, 2022.
             Slain by a skeletal warrior (10 damage)
             ... on level 8 of the Dungeon.
             The game lasted 00:19:43 (15971 turns).

oldriver the Fighter (Gargoyle Earth Elementalist) Turns: 15971, Time: 00:19:44

Health: 0/71       AC: 17    Str: 14    XL:     10   Next: 43%
Magic:  1/20       EV: 11    Int: 27    God:
Gold:   339        SH:  4    Dex: 10    Spells: 16/22 levels left

rFire   . . .      SeeInvis .   d - +9 dagger of the Hidden Wars {vorpal, Str+3}
rCold   . . .      Faith    .   K - +0 buckler
rNeg    + . .      Spirit   .   H - +3 leather armour
rPois   ∞          Reflect  .   m - +0 helmet
rElec   +          Harm     .   o - +0 cloak
rCorr   .          Rampage  .   s - +1 pair of gloves {hurl}
Will    .....                   (no boots)
Stlth   ++........              (no amulet)
HPRegen 0.21/turn               G - +6 ring of intelligence
MPRegen 0.17/turn               (no ring)

@: studying Fighting
A: sickness immunity, AC +7, negative energy resistance 1, electricity
resistance, torment resistance 1, petrification resistance
a: no special abilities


You were on level 8 of the Dungeon.
You visited 2 branches of the dungeon, and saw 10 of its levels.
You also visited: Ossuary.

You collected 500 gold pieces.
You spent 161 gold pieces at shops.

Inventory:

Hand Weapons
 d - the +9 dagger of the Hidden Wars (weapon) {vorpal, Str+3}
   (You found it on level 6 of the Dungeon)

   It inflicts extra damage upon your enemies.
   Str:       It affects your strength (+3).
 l - a +0 dagger of draining
 p - a +4 flail
 E - a +3 whip of electrocution
Missiles
 c - 9 stones
 h - 21 poisoned darts
Armour
 m - a +0 helmet (worn)
 o - a +0 cloak (worn)
 r - an orb of mayhem
 s - a +1 pair of gloves of hurling (worn)
 H - a +3 leather armour (worn)
 K - a +0 buckler (worn)
Jewellery
 G - a +6 ring of intelligence (left hand)
Wands
 j - a wand of digging (7)
 L - a wand of iceblast (5)
Scrolls
 e - 5 scrolls of teleportation
 g - 2 scrolls of blinking
 x - 2 scrolls of magic mapping
 y - 2 scrolls of holy word {unknown}
 A - 5 scrolls of identify
 C - 4 scrolls of immolation
 D - a scroll of silence
 J - a scroll of summoning
 M - a scroll of fear {unknown}
 N - a scroll of fog {unknown}
Potions
 a - 7 potions of curing
 b - 2 potions of flight {unknown}
 f - a potion of heal wounds
 i - 5 potions of invisibility
 k - 2 potions of cancellation
 n - 5 potions of haste
 q - a potion of berserk rage {unknown}
 t - a potion of lignification {unknown}
 u - a potion of resistance {unknown}
 v - 2 potions of brilliance {unknown}
 w - 5 potions of mutation {unknown}
 z - 2 potions of ambrosia {unknown}
 B - 3 potions of attraction {unknown}
 F - a potion of might {unknown}
 I - a potion of magic {unknown}


   Skills:
 * Level 12.1 Fighting
 - Level 2.0 Throwing
 + Level 2.4 Armour
 - Level 1.5 Dodging
 - Level 2.1 Stealth
 + Level 2.4 Shields
 + Level 6.9 Spellcasting
 - Level 5.0 Conjurations
 - Level 2.0 Transmutations
 + Level 9.4 Earth Magic


You had 16 spell levels left.
You knew the following spells:

 Your Spells              Type           Power      Damage    Failure   Level
a - Sandblast             Erth           100%       2d20      1%          1
b - Passwall              Tmut/Erth      33%        N/A       1%          2
c - Stone Arrow           Conj/Erth      96%        3d13      1%          3

Your spell library contained the following spells:

 Spells                   Type           Power      Damage    Failure   Level
 Magic Dart               Conj           100%       1d8       1%          1
 Petrify                  Tmut/Erth      40%        N/A       10%         4
 Call Imp                 Summ           9%         N/A       16%         2
 Mephitic Cloud           Conj/Pois/Air  18%        N/A       16%         3
 Ozocubu's Armour         Ice            9%         N/A       30%         3
 Metabolic Englaciation   Hex/Ice        4%         N/A       95%         5
 Simulacrum               Ice/Necr       4%         N/A       100%        6


Dungeon Overview and Level Annotations

Branches:
Dungeon (9/15)             Temple (1/1) D:5            Lair (0/6) D:9
Ossuary (visited)
    Orc: D:9-12

Altars:
Ashenzari
Cheibriados
Dithmenos
Elyvilon
Fedhas
Gozag
Hepliaklqana
Kikubaaqudgha
Makhleb
Nemelex Xobeh
Okawaru
Qazlal
Ru
Sif Muna
Trog
Uskayaw
Wu Jian
Xom
Yredelemnul
Zin
The Shining One

Shops:
D:9 [

Annotations:
D:7 2 runed translucent doors, ravioli's ghost, novice DjFE


Innate Abilities, Weirdness & Mutations

You are immune to sickness and miasma.
Your stone body is resilient. (AC +7)
You are immune to poison.
You resist negative energy. (rN+)
You are resistant to electric shocks. (rElec)
You are resistant to unholy torment.
You are immune to petrification.


Message History

The skeletal warrior hits you with a +0 hand axe!
Unknown command.
Casting: Sandblast (safe; 1% risk of failure)
Confirm with . or Enter, or press ? or * to list all spells.
Aiming: Sandblast (safe; 1% risk of failure)
Press: ? - help, Shift-Dir - straight line, f/p - skeletal warrior
Aim: a skeletal warrior, wielding a +0 hand axe (severely damaged, 84% to hit)
The blast of sand hits the skeletal warrior!
The skeletal warrior is almost destroyed.
c - 12 stones The skeletal warrior barely misses you.
Casting: Sandblast (safe; 1% risk of failure)
Confirm with . or Enter, or press ? or * to list all spells.
Aiming: Sandblast (safe; 1% risk of failure)
Press: ? - help, Shift-Dir - straight line, f/p - skeletal warrior
Aim: a skeletal warrior, wielding a +0 hand axe (almost destroyed, 84% to hit)
The blast of sand hits the skeletal warrior.
The skeletal warrior is almost destroyed.
c - 11 stones The skeletal warrior hits you with a +0 hand axe!!
* * * LOW HITPOINT WARNING * * *
Casting: Sandblast (safe; 1% risk of failure)
Confirm with . or Enter, or press ? or * to list all spells.
Aiming: Sandblast (safe; 1% risk of failure)
Press: ? - help, Shift-Dir - straight line, f/p - skeletal warrior
Aim: a skeletal warrior, wielding a +0 hand axe (almost destroyed, 84% to hit)
The blast of sand misses the skeletal warrior.
c - 10 stones The skeletal warrior hits you with a +0 hand axe!
* * * LOW HITPOINT WARNING * * *
Casting: Sandblast (safe; 1% risk of failure)
Confirm with . or Enter, or press ? or * to list all spells.
Aiming: Sandblast (safe; 1% risk of failure)
Press: ? - help, Shift-Dir - straight line, f/p - skeletal warrior
Aim: a skeletal warrior, wielding a +0 hand axe (almost destroyed, 84% to hit)
The blast of sand hits the skeletal warrior but does no damage.
The skeletal warrior is almost destroyed.
c - 9 stones The skeletal warrior hits you with a +0 hand axe!
You die...

#.#.##..##.####...#
###.#.##..##.# #...#
......##.....####...#########
###..###.###.#..............#
#..# #.# #.#.##...#######.#
#..# #.# #...##..## #.# ###.(#
#.# #.####..# #.#
.....###.###.####..# #.#
###..##......)..@z.# #.#
.........###<####.## #.#
###..##..# #[# #.# #.#
#......# #.####.#########.##
#..###.###.................#
###..........)....####.......#
.........###.#########.#####.#
####................#..# #.#
####.####........#.## #.#


You could see a skeletal warrior.

Vanquished Creatures
  Joseph (D:8)
  A troll (D:9)
  A vampire (D:8)
  A water moccasin (D:6)
  5 orc warriors
  A sky beast (D:6)
  An ice beast (D:8)
  An ogre (D:5)
  5 centaurs
  A phantom (D:7)
  3 kobold brigands
  Blork the orc (D:6)
  5 bullfrogs
  A gnoll sergeant (D:9)
  3 scorpions
  A wyvern skeleton (D:6)
  6 killer bees (D:9)
  5 wights (D:9)
  2 bullfrog zombies (D:5)
  2 centaur zombies
  5 orc priests
  A gnoll shaman (D:3)
  3 human zombies (Ossuary)
  A jelly (D:4)
  2 hounds
  A centaur skeleton (D:5)
  Jessica (D:2)
  3 iguanas
  10 orc wizards
  2 killer bee zombies (D:8)
  5 mummies
  10 gnolls
  7 adders
  2 white imps
  An ufetubus (D:5)
  3 worms (D:2)
  2 dart slugs
  31 orcs
  5 ball pythons
  6 endoplasms
  3 giant cockroaches
  12 goblins
  11 hobgoblins
  23 kobolds
  A quokka (D:2)
  5 bats
  2 frilled lizards (D:1)
  2 gnoll zombies (Ossuary)
  A goblin zombie (Ossuary)
  A hobgoblin zombie (Ossuary)
  A quokka skeleton (D:4)
  5 rats
215 creatures vanquished.

Vanquished Creatures (others)
  A plant (D:8)
1 creature vanquished.

Grand Total: 216 creatures vanquished

Notes
Turn   | Place    | Note
-------+----------+-------------------------------------------
     0 | D:1      | oldriver the Gargoyle Earth Elementalist began the quest
                  | for the Orb.
     0 | D:1      | Reached XP level 1. HP: 10/10 MP: 3/3
   177 | D:1      | Reached skill level 1 in Transmutations
   306 | D:1      | Reached XP level 2. HP: 13/15 MP: 5/5
  1454 | D:1      | Learned a level 2 spell: Passwall
  1529 | D:1      | Reached XP level 3. HP: 17/19 MP: 4/6
  1552 | D:2      | Noticed Jessica
  1821 | D:2      | Killed Jessica
  2034 | D:2      | Reached XP level 4. HP: 24/24 MP: 6/8
  2382 | D:2      | Noticed a golden eye
  2384 | D:2      | Found a faded altar of an unknown god.
  2387 | D:2      | Noticed a great orb of eyes
  2387 | D:2      | Noticed a golden eye
  2387 | D:2      | Noticed a great orb of eyes
  2788 | D:3      | Learned a level 3 spell: Stone Arrow
  2804 | D:3      | Reached XP level 5. HP: 26/28 MP: 7/9
  2912 | D:2      | Reached skill level 5 in Earth Magic
  3063 | D:2      | Reached skill level 1 in Fighting
  3256 | D:3      | Reached skill level 1 in Conjurations
  3604 | D:4      | Found a sand-covered staircase.
  3616 | Ossuary  | Entered an ossuary
  3781 | Ossuary  | Reached XP level 6. HP: 20/35 MP: 5/11
  4010 | Ossuary  | Reached skill level 2 in Fighting
  5138 | D:4      | Reached XP level 7. HP: 40/40 MP: 0/12
  5881 | D:3      | Reached skill level 3 in Fighting
  6715 | D:4      | Found a snail-covered altar of Cheibriados.
  6829 | D:5      | Entered Level 5 of the Dungeon
  7855 | D:4      | Reached skill level 4 in Fighting
  7855 | D:4      | Reached XP level 8. HP: 13/48 MP: 4/14
  8394 | D:4      | Reached skill level 1 in Throwing
  8774 | D:5      | Found an ancient bone altar of Kikubaaqudgha.
  8823 | D:5      | Found a shadowy altar of Dithmenos.
  8831 | D:5      | Found a staircase to the Ecumenical Temple.
  8947 | Temple   | Entered the Ecumenical Temple
  9429 | D:5      | Reached skill level 5 in Spellcasting
  9653 | D:6      | Found a white marble altar of Elyvilon.
  9658 | D:6      | Reached skill level 5 in Fighting
  9922 | D:6      | Identified the +9 dagger of the Hidden Wars {vorpal, Str+3}
 10044 | D:6      | Reached skill level 6 in Fighting
 10044 | D:6      | Reached skill level 5 in Conjurations
 10141 | D:6      | Reached XP level 9. HP: 56/56 MP: 9/17
 10382 | D:6      | Noticed Blork the orc
 10426 | D:6      | Reached skill level 7 in Fighting
 11012 | D:6      | Killed Blork the orc
 11165 | D:6      | Reached skill level 8 in Fighting
 11812 | D:7      | Found a large runed translucent door.
 11812 | D:7      | Found a large runed translucent door.
 11816 | D:7      | Noticed ravioli's ghost (novice DjFE)
 11898 | D:7      | Found a sacrificial altar of Ru.
 12091 | D:7      | Reached skill level 9 in Fighting
 12723 | D:8      | Noticed Joseph
 13105 | D:8      | Killed Joseph
 13106 | D:8      | Reached skill level 10 in Fighting
 13834 | D:8      | Reached skill level 11 in Fighting
 13834 | D:8      | Reached XP level 10. HP: 51/69 MP: 8/19
 13956 | D:8      | Reached skill level 1 in Armour
 13956 | D:8      | Reached skill level 1 in Shields
 14142 | D:8      | Found an iron altar of Okawaru.
 14283 | D:8      | Identified the +3 mace of Mutilation {flame, Int-4 Dex+2
                  | SInv}
 14690 | D:9      | Found a staircase to the Lair.
 14693 | D:9      | Noticed a skeletal warrior
 15088 | D:9      | Noticed a skeletal warrior
 15510 | D:9      | Reached skill level 12 in Fighting
 15841 | D:9      | Found Ovvidd's Antique Armour Boutique.
 15848 | D:9      | Bought a transparent leather armour for 161 gold pieces
 15848 | D:9      | Identified the +3 leather armour "Derphoj" {Str+9 Dex-5}
                  | (You bought it in a shop on level 9 of the Dungeon)
 15903 | D:9      | Noticed a skeletal warrior
 15923 | D:9      | Noticed a skeletal warrior
 15971 | D:8      | Slain by a skeletal warrior

Illustrated notes

Levels and vault maps discovered:
D:1:      sevenhm_arrival_forest_fort_small_5, layout_loops_ring, minivault_11
D:2:      layout_rooms, hellmonk_ecumenical_altar_watching_god,
          minmay_small_reverse_x, uniq_jessica
D:3:      layout_rooms
D:4:      layout_basic, marbit_many_paths, gup_ossuary_entry_pyramid,
          mrwooster_statue_mirror
D:5:      layout_basic, chequers_temple_overflow_statue_of_worship,
          minmay_temple_entry_statues_fountains, minmay_manual_moon
D:6:      layout_basic, lemuel_crystal_altar, uniq_blork_the_orc
D:7:      layout_basic, nicolae_ru_awakened_eye, ebering_ghost_disaster_area
D:8:      corexii_shack_village, layout_loops_ring, okawaru_ov_weapons_minmay,
          uniq_joseph
D:9:      layout_basic, lair_entry_dummy,
          kennysheep_orc_monster_closet_entryway, serial_shops,
          nicolae_diamond_shop
Temple:   regret_index_temple_generic_petals

Skill      XL: |  1  2  3  4  5  6  7  8  9 10 |
---------------+-------------------------------+-----
Transmutations | 1 2 |  2.0
Earth Magic    | 4 5 6 7 9 |  9.4
Spellcasting   | 3 4 5 6 |  6.9
Fighting       | 1 2 4 6 11 12 | 12.1
Conjurations   | 1 2 3 5 |  5.0
Throwing       | 2 |  2.0
Armour         | 2 |  2.4
Shields        | 2 |  2.4
Dodging        | |  1.5
Stealth        | |  2.1

Action                   |  1- 3 |  4- 6 |  7- 9 | 10-12 || total
-------------------------+-------+-------+-------+-------++-------
Melee: Unarmed           |     9 |       |       |       ||     9
       Whip              |    86 |       |    11 |       ||    97
       Dagger            |       |    59 |    13 |     6 ||    78
       Punch             |       |     4 |       |       ||     4
       Flail             |       |    50 |     8 |       ||    58
Throw: Dart              |       |       |    14 |       ||    14
       Stone             |       |       |     1 |       ||     1
 Cast: Sandblast         |    21 |    64 |    25 |    25 ||   135
       Stone Arrow       |       |     9 |   153 |    56 ||   218
       Passwall          |       |       |     2 |       ||     2
  Use: Scroll            |       |     5 |     6 |       ||    11
       Potion            |       |     1 |     1 |       ||     2
 Stab: Sleeping          |     1 |     6 |       |       ||     7
Armor: Robe              |    62 |    53 |    59 |       ||   174
       Leather armour    |       |       |    20 |    15 ||    35
Dodge: Dodged            |    64 |    57 |    90 |    22 ||   233
Block: Buckler           |       |       |     2 |     9 ||    11
